 Dungeon Crawl Stone Soup version 0.28-a0-802-g09f76e8c00 (webtiles) character file.

Game seed: 16944292195821470052

36 vurker the Gusty (level 3, 16/16 HPs)
             Began as a Felid Air Elementalist on Nov 6, 2021.
             Quit the game on level 3 of the Dungeon.
             The game lasted 00:02:46 (2634 turns).

vurker the Gusty (Felid Air Elementalist)           Turns: 2634, Time: 00:02:47

Health: 16/16      AC:  1    Str:  4    XL:     3   Next: 19%
Magic:  8/8        EV: 17    Int: 15    God:
Gold:   128        SH:  0    Dex: 16    Spells: 2/7 levels left
                                        Lives:  0   Deaths: 1

rFire   . . .      SeeInvis +   (weapon unavailable)
rCold   . . .      Faith    .   (shield unavailable)
rNeg    . . .      Spirit   .   (armour unavailable)
rPois   .          Reflect  .   (helmet unavailable)
rElec   .          Harm     .   (cloak unavailable)
rCorr   .          Rampage  .   (gloves unavailable)
Will    .....                   (boots unavailable)
Stlth   ++........              (no amulet)
HPRegen 0.05/turn               (no ring)
MPRegen 0.11/turn               (no ring)

@: studying Hexes, quick
A: very small, claws 1, fangs 3, see invisible, speed 1, shaggy fur 1, stealthy
paws, no weapons or thrown items, no armour, multi-lived, deterioration 1, dopey
1, robust 1
a: no special abilities


You were on level 3 of the Dungeon.
You visited 1 branch of the dungeon, and saw 3 of its levels.

You collected 128 gold pieces.

Inventory:

Jewellery
 c - a ring of ice
   (You found it on level 1 of the Dungeon)
Scrolls
 b - 2 scrolls of magic mapping {unknown}
 f - a scroll of brand weapon {unknown}
 g - a scroll of enchant weapon {unknown}
Potions
 a - a potion of mutation
 d - a potion of heal wounds {unknown}


   Skills:
 + Level 1.4 Fighting
 - Level 2.6 Dodging
 - Level 2.6 Stealth
 * Level 2.9 Spellcasting
 + Level 1.5 Conjurations
 * Level 3.4 Air Magic


You had 2 spell levels left.
You knew the following spells:

 Your Spells              Type           Power      Damage    Failure   Level
a - Shock                 Conj/Air       36%        1d5       8%          1
c - Airstrike             Air            6%         N/A       45%         4

Your spell library contained the following spells:

 Spells                   Type           Power      Damage    Failure   Level
 Static Discharge         Conj/Air       9%         N/A       11%         2
 Blink                    Tloc           4%         N/A       30%         2
 Swiftness                Air            12%        N/A       16%         3
 Lesser Beckoning         Tloc           2%         N/A       52%         3
 Manifold Assault         Tloc           2%         N/A       99%         5


Dungeon Overview and Level Annotations

Branches:
Dungeon (3/15)

Altars:


Innate Abilities, Weirdness & Mutations

You have sharp claws.
You have razor-sharp teeth.
You have supernaturally acute eyesight. (SInv)
You cover ground quickly. (Speed+)
You are covered in fur. (AC +1)
Your paws help you pounce on unaware monsters.
You are incapable of wielding weapons or throwing items.
You cannot wear armour.
You gain extra lives every three experience levels.
Your body sometimes deteriorates upon taking damage.
You are dopey. (Int -2)
You are robust. (+10% HP)


Message History

The zap hits the orc.
The orc shouts!
You hear an angry hiss.
Aim: an orc, wielding a +0 club (68% to hit)
The zap misses the orc.
An orc priest comes into view. It is wielding a +0 mace.
Aim: an orc, wielding a +0 club (68% to hit)
The zap hits the orc.
The zap hits the orc priest.
The orc priest shouts!
A ball python comes into view.
Aim: an orc, wielding a +0 club (moderately wounded, 68% to hit)
You miscast Shock.
You are very lightly contaminated with residual magic.
Nothing appears to happen.
A goblin comes into view. It is wielding a +0 club.
Aim: an orc, wielding a +0 club (moderately wounded, 68% to hit)
The zap hits the orc.
The zap misses the orc priest.
The zap misses the goblin.
The goblin shouts!
The orc priest calls upon Beogh to heal the orc.
The orc's wounds heal themselves!
Aim: an orc, wielding a +0 club (68% to hit)
You miscast Shock.
Nothing appears to happen.
Aim: an orc, wielding a +0 club (68% to hit)
The zap hits the orc.
The zap hits the orc priest.
The zap hits the ball python.
The zap misses the goblin.
The orc hits you with a +0 club.
The orc priest mumbles some strange prayers to Beogh against you.
Beogh smites you!
Ouch! That really hurt!
* * * LOW HITPOINT WARNING * * *
Your magical contamination has completely faded away.
It was a potion of mutation.
You feel extremely strange.
You feel stupid.
You feel robust.
You feel yourself wasting away.
Aim: an orc, wielding a +0 club (68% to hit)
The zap hits the orc. x2
You kill the orc!
An orc priest is nearby!
The zap misses the orc priest.
The zap hits the orc priest.
The zap misses the orc priest.
The zap misses the ball python.
The zap hits the ball python.
You kill the ball python!
The zap misses the orc priest.
The orc priest closely misses you.
You aren't carrying any items that you can evoke.
Unknown command.
It was a potion of curing.
You feel better.
The orc priest mumbles some strange prayers to Beogh against you.
Beogh smites you!
Ouch! That really hurt!
You die...
You are now level 3!
You rejoin the land of the living...

#. #. #. ##. ##.[
#.# ##... # ##.#.#
#....
....#####....#
#.... .......@..#.
#.#.. #...#####...#
#†### # #.## #o#
.######.#########g#
......>g..So..o...#
#.#################


There were no monsters in sight!

Vanquished Creatures
  4 adders (D:2)
  A worm (D:2)
  An orc (D:3)
  5 bats
  6 endoplasms
  4 goblins
  5 hobgoblins
  A jackal (D:2)
  6 ball pythons
  A frilled lizard (D:1)
  4 kobolds
  4 rats (D:1)
42 creatures vanquished.

Notes
Turn   | Place    | Note
-------+----------+-------------------------------------------
     0 | D:1      | vurker the Felid Air Elementalist began the quest for the
                  | Orb.
     0 | D:1      | Reached XP level 1. HP: 7/7 MP: 4/4
   207 | D:1      | Reached skill level 1 in Conjurations
   351 | D:1      | Reached XP level 2. HP: 12/12 MP: 4/6
   483 | D:1      | Reached skill level 3 in Air Magic
   739 | D:1      | Found a faded altar of an unknown god.
   778 | D:1      | Reached skill level 1 in Fighting
  1274 | D:2      | Reached XP level 3. HP: 15/15 MP: 4/7
  2018 | D:2      | Reached XP level 4. HP: 14/19 MP: 4/9
  2100 | D:2      | Learned a level 4 spell: Airstrike
  2627 | D:3      | Gained mutation: You are dopey. (Int -2) [potion of
                  | mutation]
  2627 | D:3      | Gained mutation: You are robust. (+10% HP) [potion of
                  | mutation]
  2627 | D:3      | Gained mutation: Your body sometimes deteriorates upon
                  | taking damage. [potion of mutation]
  2633 | D:3      | Killed from afar by an orc priest
  2634 | D:3      | Reached XP level 3. HP: -7/16 MP: 0/8
  2634 | D:3      | Quit the game

Illustrated notes

Levels and vault maps discovered:
D:1:      zelgadis_glass_arrival_small, layout_loops_cross,
          ebering_ecumenical_altar_webs
D:2:      minmay_wonky_spiral, layout_basic, serial_rivers,
          chequers_serial_rivers_large_a, chequers_serial_rivers_room_a,
          chequers_serial_rivers_micro_c, chequers_serial_rivers_large_b
D:3:      layout_loops_ring, gammafunk_ghost_gnarly_gnolls

Skill      XL: |  1  2 |
---------------+-------+-----
Conjurations   | 1 |  1.5
Air Magic      | 3 |  3.4
Fighting       | 1 |  1.4
Dodging        | |  2.6
Stealth        | |  2.6
Spellcasting   | |  2.9

Action                   |  1- 3 |  4- 6 || total
-------------------------+-------+-------++-------
Melee: Unarmed           |     3 |       ||     3
       Bite              |     1 |       ||     1
 Cast: Shock             |    81 |    17 ||    98
  Use: Potion            |       |     2 ||     2
Armor: Skin              |     1 |       ||     1
Dodge: Dodged            |    11 |     3 ||    14

Table legend: (Time is in decaauts)
 A = Elapsed time spent in this place.
 B = Non-inter-level travel time spent in this place.
 C = Inter-level travel time spent in this place.
 D = Time resting spent in this place.
 E = Time spent auto-exploring this place.
 F = Levels seen in this place.
 G = Mean time per level.
                   A        B        C        D        E       F      G
               +--------+--------+--------+--------+--------+-----+--------+
         Total |   2355 |   2299 |     56 |      0 |   2019 |   3 |  785.0 |
       Dungeon |   2355 |   2299 |     56 |      0 |   2019 |   3 |  785.0 |
               +--------+--------+--------+--------+--------+-----+--------+

Top non-repeatable levels by time:
     D:2: 1339 daAuts
     D:1: 974 daAuts
     D:3: 42 daAuts
